 Dungeon Crawl Stone Soup version 0.23.2 (webtiles) character file.

Game seed: 11386113385686867039

476 Kairos the Chopper (level 6, -15/84 HPs)
             Began as a Minotaur Fighter on Mar 31, 2019.
             Demolished by an orc warrior
             ... wielding a +0 glaive
              (17 damage)
             ... on level 4 of the Dungeon.
             The game lasted 00:02:51 (2207 turns).

Kairos the Chopper (Minotaur Fighter)               Turns: 2207, Time: 00:02:51

Health: -15/84     AC: 23    Str: 27    XL:     6   Next: 84%
Magic:  0/5        EV:  2    Int:  5    God:
Gold:   193        SH: 10    Dex: 10    Spells: 5/5 levels left

rFire    . . .     SeeInvis .   a - +2 war axe
rCold    . . .     Gourm    .   c - +0 shield
rNeg     + + +     Faith    .   (armour currently unavailable)
rPois    +         Spirit   +   (helmet currently unavailable)
rElec    .         Reflect  .   (cloak currently unavailable)
rCorr    .         Harm     .   (gloves currently unavailable)
MR       .....     NoTele   +   (boots currently unavailable)
Stlth    +.........             l - amulet of guardian spirit
HPRegen  0.24/turn              h - +5 ring of strength
MPRegen  0.09/turn              k - ring of wizardry

@: tree-form
A: (retaliatory headbutt)
a: no special abilities


You were on level 4 of the Dungeon.
You were hungry.
You were a tree.
You visited 1 branch of the dungeon, and saw 4 of its levels.

You collected 193 gold pieces.

Inventory:

Hand Weapons
 a - a +2 war axe (weapon)
Armour
 b - a +0 scale mail (melded)
 c - a +0 shield (worn)
 m - a +0 pair of gloves (melded)
Jewellery
 h - a +5 ring of strength (left branch)
 k - a ring of wizardry (right branch)
 l - an amulet of guardian spirit (around neck)
Wands
 q - a wand of random effects (5)
 B - a wand of flame (18)
Scrolls
 e - 2 scrolls of identify
 n - 4 scrolls of remove curse
 o - a scroll of random uselessness {unknown}
 r - a scroll of noise {unknown}
 t - a scroll of fog {unknown}
 y - a scroll of magic mapping {unknown}
 z - 2 scrolls of enchant armour {unknown}
Potions
 d - a potion of might
 g - 2 potions of brilliance {unknown}
 i - a potion of invisibility {unknown}
 j - a potion of heal wounds {unknown}
 s - a potion of agility {unknown}
 u - 2 potions of curing {unknown}
 v - 2 potions of degeneration {unknown}
 x - a potion of flight {unknown}
 A - a potion of cancellation {unknown}
Comestibles
 f - 7 rations
 w - a chunk of flesh


   Skills:
 + Level 5.2 Fighting
 + Level 5.7 Axes
 + Level 5.1 Armour
 + Level 1.5 Dodging
 + Level 5.2 Shields


You had 5 spell levels left.
You didn't know any spells.
Your spell library was empty.

Dungeon Overview and Level Annotations

Branches:
Dungeon (4/15)
 Temple: D:4-7

Altars:
Sif Muna


Innate Abilities, Weirdness & Mutations

((You reflexively headbutt those who attack you in melee.))
((You have a pair of horns on your head.))


Message History

[Y]es or [N]o only, please.
Really quaff the potion of lignification?
You turn into a tree.
Your +0 pair of gloves melds into your body.
Your +0 scale mail melds into your body.
Your roots penetrate the ground.
The orc warrior hits you with a +0 glaive!!
* * * LOW HITPOINT WARNING * * *
You barely miss the orc warrior.
The orc warrior is heavily wounded.
Your shield prevents you from hitting the orc warrior.
The orc warrior is heavily wounded.
The orc warrior hits you but does no damage.
You barely miss the orc warrior.
The orc warrior is heavily wounded.
The orc warrior hits you but does no damage.
You hit the orc warrior but do no damage.
The orc warrior is heavily wounded.
The orc warrior hits you with a +0 glaive!
You die...

##########
#........#
########.######.#
.............##.#
###.#.##.###.##.#
###.#.##.# #.##.#
....#....###.##)#
†#######.....##)####
....#....######>♣oo#
.##.#.##.# ####o#
....#....# #
##....#### #.#.##
#.#.# #[#.# #.#.#
#.#.#


You could see an orc warrior and 2 orcs.

Vanquished Creatures
  Sigmund (D:3)
  A scorpion (D:4)
  A howler monkey (D:4)
  2 iguanas (D:4)
  A worker ant (D:4)
  A hound zombie (D:4)
  4 adders
  2 oozes (D:1)
  A leopard gecko (D:3)
  9 orcs
  7 giant cockroaches
  7 goblins
  7 hobgoblins
  8 jackals
  2 quokkas (D:4)
  4 ball pythons
  9 bats
  5 frilled lizards
  5 kobolds
  9 rats
86 creatures vanquished.

Notes
Turn   | Place    | Note
-------+----------+-------------------------------------------
     0 | D:1      | Kairos the Minotaur Fighter began the quest for the Orb.
     0 | D:1      | Reached XP level 1. HP: 19/19 MP: 0/0
   211 | D:1      | Reached XP level 2. HP: 27/27 MP: 1/1
   328 | D:1      | Reached XP level 3. HP: 31/33 MP: 2/2
  1388 | D:3      | Reached XP level 4. HP: 41/41 MP: 3/3
  1403 | D:3      | Noticed Sigmund
  1427 | D:3      | Killed Sigmund
  1427 | D:3      | Reached skill level 1 in Dodging
  1427 | D:3      | Reached XP level 5. HP: 30/47 MP: 2/4
  1537 | D:3      | Found a deep blue altar of Sif Muna.
  2010 | D:4      | Reached skill level 5 in Fighting
  2010 | D:4      | Reached skill level 5 in Shields
  2010 | D:4      | Reached XP level 6. HP: 56/56 MP: 5/5
  2019 | D:4      | Reached skill level 5 in Axes
  2141 | D:4      | Reached skill level 5 in Armour
  2196 | D:4      | Noticed an orc warrior
  2203 | D:4      | HP: 1/84 [orc warrior/+0 glaive (19)]
  2207 | D:4      | Demolished by an orc warrior

Skill      XL: |  1  2  3  4  5  6 |
---------------+-------------------+-----
Fighting       | 4 5 |  5.2
Shields        | 4 5 |  5.2
Armour         | 4 5 |  5.1
Axes           | 3 4 5 |  5.7
Dodging        | 1 |  1.5

Action                   |  1- 3 |  4- 6 || total
-------------------------+-------+-------++-------
Melee: War axe           |   106 |    94 ||   200
       Headbutt          |    10 |    21 ||    31
  Use: Scroll            |       |     5 ||     5
       Potion            |       |     1 ||     1
  Eat: Chunk             |     1 |     3 ||     4
Armor: Scale mail        |    59 |    21 ||    80
       Skin              |       |     2 ||     2
Dodge: Dodged            |    30 |    31 ||    61
Block: Shield            |    56 |    40 ||    96
